Map: Efeméride LE

Players

LowLinK

  • Race: Protoss Protoss
  • League: Diamond
  • Spawn Location: 11:00

Sumek

  • Race: Zerg Zerg
  • League: Diamond
  • Spawn Location: 5:00

VOD

Have the link to the VOD?

Description

Time

  • Played on: Feb. 19, 2020, 4:15 p.m.
  • Length: 10:38
Show
View Real Time Build Order
Export as new Build Order

LowLinK Protoss 

Build Orders:  

Get SALT Encoding   

  12  0:01  Probe  
  13  0:13  Probe  
  14  0:17  Pylon  
  14  0:25  Probe  
  15  0:36  Gateway  
  15  0:38  Probe (Chrono Boost)  
  16  0:47  Assimilator  
  16  0:48  Probe (Chrono Boost)  
  17  0:53  Probe (Chrono Boost)  
  17  0:56  Assimilator  
  18  1:04  Probe  
  19  1:17  Probe  
  20  1:18  Pylon  
  20  1:24  Cybernetics Core  
  20  1:31  Probe  
  21  1:43  Probe  
  22  1:54  Warp Gate (Chrono Boost), Pylon  
  22  1:56  Probe  
  22  1:57  Gateway  
  25  2:29  Stalker  
  25  2:31  Gateway  
  25  2:35  Pylon  
  25  2:38  Gateway  
  25  2:40  Pylon  
  25  2:54  Gateway  
  25  3:12  Pylon  
  25  3:33  Stalker x3  
  31  3:34  Adept  
  33  3:48  Adept  
  35  3:55  Stalker  
  35  3:57  Adept x2  
  35  3:58  Adept  
  43  4:11  Adept  
  45  4:19  Adept  
  45  4:20  Adept  
  49  4:25  Pylon  
  49  4:41  Stalker  
  49  4:44  Stalker  
  53  4:47  Sentry  
  55  4:55  Stalker  
  57  5:03  Stalker  
  59  5:12  Stalker  
  45  5:38  Adept x2  
  45  5:39  Adept x2  
  49  5:53  Stalker  
  29  6:30  Adept x2  
  29  6:31  Adept x3  
  37  6:35  Pylon  
  33  6:50  Twilight Council  
  33  6:53  Adept x2  
  32  7:15  Stalker x2  
  28  7:17  Sentry x2  
  30  7:25  Adept  
  32  7:38  Adept  
  34  7:47  Adept  
  36  7:54  Adept  
  38  8:11  Adept  
  38  8:12  Adept x2  
  44  8:26  Adept  
  44  8:27  Adept  
  48  8:32  Sentry  
  50  8:39  Adept  
  52  8:45  Resonating Glaives  
  52  8:49  Adept  
  52  8:53  Adept  
  56  9:01  Adept  
  58  9:09  Adept  
  58  9:33  Probe  
  29  10:00  Probe  
  30  10:16  Adept  
Show
View Real Time Build Order
Export as new Build Order

Sumek Zerg 

Build Orders: Hatch First 

Get SALT Encoding   

  12  0:02  Drone  
  13  0:12  Overlord  
  13  0:17  Drone  
  14  0:33  Drone x2  
  16  0:53  Hatchery  
  16  0:56  Drone x2  
  17  1:03  Drone  
  18  1:10  Extractor  
  17  1:17  Spawning Pool  
  16  1:19  Drone  
  16  1:22  Drone  
  18  1:30  Drone  
  19  1:39  Drone  
  20  1:52  Drone  
  21  2:00  Drone  
  22  2:10  Overlord  
  22  2:13  Metabolic Boost  
  22  2:16  Drone  
  22  2:18  Drone  
  22  2:22  Drone  
  25  2:33  Zergling x4  
  25  2:35  Queen x2  
  31  2:45  Overlord  
  31  2:46  Spine Crawler  
  31  2:47  Drone  
  31  2:48  Baneling Nest  
  30  2:54  Drone  
  30  2:55  Drone  
  32  3:15  Zergling x2  
  32  3:16  Zergling x4  
  35  3:30  Drone x3  
  35  3:31  Drone  
  39  3:38  Evolution Chamber  
  39  3:41  Queen  
  38  3:43  Pneumatized Carapace  
  38  3:45  Drone x2  
  38  3:48  Drone  
  43  3:57  Drone  
  44  4:07  Overlord x2  
  43  4:15  Overlord x2  
  43  4:24  Queen  
  43  4:26  Queen  
  43  4:30  Zergling x2  
  43  4:31  Zergling x10  
  51  4:33  Zerg Melee Weapons Level 1  
  51  4:41  Zergling x4  
  51  4:44  Baneling x2  
  51  4:45  Baneling x3  
  53  4:50  Zergling x2  
  53  4:51  Zergling x6  
  57  4:57  Zergling x2  
  57  4:58  Zergling x2, Hatchery  
  58  5:00  Queen  
  58  5:02  Queen  
  62  5:08  Zergling x2  
  62  5:09  Zergling x2  
  64  5:21  Zergling x2  
  64  5:22  Zergling x2  
  60  5:35  Zergling x12  
  52  5:50  Zergling x2  
  52  5:51  Zergling x4  
  52  6:01  Zergling x2  
  52  6:02  Zergling x8  
  49  6:17  Zergling x2  
  45  6:33  Zergling x2  
  45  6:34  Zergling x8  
  45  6:39  Zergling x2, Drone x2  
  53  6:42  Lair  
  53  6:44  Drone  
  53  6:46  Drone x2  
  56  6:53  Baneling x2  
  56  6:54  Drone x2  
  56  6:55  Drone x2  
  58  7:08  Drone x6  
  58  7:15  Zergling x2  
  58  7:16  Zergling x2  
  57  7:24  Zergling x2  
  57  7:25  Zergling x8  
  61  7:34  Extractor x2  
  61  7:35  Extractor  
  56  7:46  Zergling x2  
  56  7:47  Zergling x10  
  56  7:48  Zerg Melee Weapons Level 2  
  62  7:58  Zergling x2, Drone  
  63  7:59  Zergling x10, Nydus Network  
  63  8:04  Hatchery  
  67  8:07  Zergling x2  
  67  8:11  Centrifical Hooks  
  67  8:13  Spine Crawler  
  67  8:18  Spore Crawler  
  65  8:20  Spine Crawler  
  65  8:22  Drone  
  65  8:23  Drone x3  
  65  8:25  Spine Crawler  
  67  8:29  Overseer  
  67  8:31  Zergling x10  
  72  8:40  Spine Crawler  
  71  8:41  Hydralisk Den  
  71  8:46  Zergling x2  
  71  8:47  Zergling x8  
  75  8:56  Baneling x5  
  75  8:57  Baneling x5  
  75  9:00  Zergling x2  
  75  9:01  Zergling x6  
  75  9:02  Nydus Canal  
  79  9:07  Zergling x2  
  79  9:08  Zergling x4  
  82  9:15  Overlord  
  82  9:16  Overlord x3  
  82  9:36  Zergling x2  
  82  9:37  Zergling x14  
  90  9:39  Baneling  
  90  9:40  Baneling x17  
  77  10:06  Zergling x2  
  78  10:07  Zergling x18  
Tags
 
Add a new tag
Caveats
  • Supply blocks, unpowered buildings, or Contaminate may cause inaccurate times.
  • Supply counts are checked every 10 seconds.